 Dungeon Crawl Stone Soup version 0.32-a0-5-gbffa963729 (webtiles) character file.

Game seed: 1096584096054364389

398 Dirian the Ruffian (level 6, -7/47 HPs)
             Began as a Draconian Shapeshifter on Jan 13, 2024.
             Mangled by an ogre
             ... wielding a +0 giant club
              (25 damage)
             ... on level 5 of the Dungeon.
             The game lasted 00:05:01 (2977 turns).

Dirian the Ruffian (Draconian Shapeshifter)         Turns: 2977, Time: 00:05:02

Health: -7/47      AC:  6    Str: 16    XL:     6   Next: 53%
Magic:  6/6        EV: 18    Int: 10    God:
Gold:   271        SH:  0    Dex: 13    Spells: 5/5 levels left

rFire   . .          .
                       - Unarmed
rCold   . . .        (no shield)
rNeg    . . .        (body armour unavailable)
rPois   .            g - melded +1 hat of Autumn {^Drain rF+++ MP+9}
rElec   .            (cloak currently unavailable)
rCorr   .            o - melded +0 pair of gloves
SInv    .            s - melded +0 pair of boots
Will    .....        (no amulet)
Stlth   +            j - +5 ring of evasion
HPRegen 0.27/turn    n - +4 ring of slaying
MPRegen 0.10/turn

%: no passive effects
@: beast-form
A: beast (slay +2), AC +6, unfitting armour, cold-blooded
a: Begin Untransformation


You were on level 5 of the Dungeon.
You were a hulking beast.
You visited 1 branch of the dungeon, and saw 5 of its levels.

You collected 271 gold pieces.

Inventory:

Armour
 g - the +1 hat of Autumn (melded) {^Drain rF+++ MP+9}
   (You acquired it on level 4 of the Dungeon)

   rF+++:     It renders you almost immune to fire.
   MP+9:      It affects your magic capacity (+9).
   ^Drain:    It drains your maximum health when unequipped.
 o - a +0 pair of gloves (melded)
 s - a +0 pair of boots (melded)
Jewellery
 j - a +5 ring of evasion (left hand)
 n - a +4 ring of slaying (right hand)
Talismans
 b - a beast talisman (active)
 c - a flux talisman
Scrolls
 e - a scroll of fog
 f - 2 scrolls of noise
 z - 2 scrolls of blinking
Potions
 a - 2 potions of lignification
 d - a potion of attraction
 h - a potion of enlightenment {unknown}
 k - a potion of berserk rage {unknown}
 l - a potion of mutation {unknown}
 m - a potion of heal wounds {unknown}
 p - a potion of magic {unknown}
 q - a potion of curing


   Skills:
 + Level 1.2 Fighting
 + Level 3.2 Dodging
 + Level 5.1 Unarmed Combat
 * Level 4.9 Shapeshifting


You had 5 spell levels left.
You didn't know any spells.
Your spell library contained the following spells:

 Spells                   Type           Power      Damage    Failure   Level
 Apportation              Tloc           0%         N/A       36%         1
 Blink                    Tloc           0%         N/A       50%         2
 Jinxbite                 Hex            0%         N/A       50%         2
 Lesser Beckoning         Tloc           0%         N/A       50%         2
 Momentum Strike          Conj/Tloc      0%         3d8       50%         2
 Alistair's Intoxication  Alch           0%         N/A       100%        5


Dungeon Overview and Level Annotations

Branches:
Dungeon (5/15) Zot: 26876
 Temple: D:4-7

Altars:
Ashenzari
Nemelex Xobeh
Okawaru
Uskayaw
Xom


Innate Abilities, Weirdness & Mutations

You are a hulking beast.
Your limbs bulge with bestial killing power. (Slay +2)
Your plain brown scales are hard. (AC +6)
You cannot fit into any form of body armour.
You are cold-blooded and may be slowed by cold attacks.


Message History

Magic restored.
You hear the slow rusting of a very distant drain.
A sleepcap comes into view.
You hit the sleepcap. You tail-slap the sleepcap.
The sleepcap is moderately damaged.
The sleepcap misses you.
You hit the sleepcap but do no damage.
The sleepcap is moderately damaged.
You punch the sleepcap!
The sleepcap is severely damaged.
The sleepcap closely misses you.
You punch the sleepcap! You tail-slap the sleepcap.
You destroy the sleepcap!
Found a trident.
You hear the slow rusting of a very distant drain.
You see here a +0 trident.
You open the door.
An adder comes into view.
There is an open door here.
An ogre comes into view. It is wielding a +0 giant club.
The helpless adder fails to defend itself.
You punch the adder!
You kill the adder!
The ogre shouts!
The ogre misses you.
You barely miss the ogre. The ogre completely misses you.
You punch the ogre!
You tail-slap the ogre, but do no damage.
The ogre is moderately wounded.
You punch the ogre!
The ogre is heavily wounded.
The ogre hits you with a +0 giant club!!
Ouch! That really hurt!
You hit the ogre.
The ogre is severely wounded.
You hit the ogre. Your punch misses the ogre.
The ogre is severely wounded.
The ogre hits you with a +0 giant club!!
Ouch! That really hurt!
You die...

#. +#... # #. ...# #
#. ..#+## # #.##
#....## # #..##
##.....## # #..##
##.......##
#####...####.........#
.).........'....hO...+
#####...####.........#
# #..## ##.......##
#.## ##.....## #.#
##...## #.# ##+## ..#
.##


You could see an ogre.

Vanquished Creatures
  An ogre (D:3)
  A hound (D:4)
  An orc priest (D:3)
  A sleepcap (D:5)
  An iguana (D:4)
  2 orc wizards
  A gnoll (D:3)
  6 adders
  4 ribbon worms
  12 orcs
  5 bats
  5 endoplasms
  A giant cockroach (D:2)
  5 goblins
  5 hobgoblins
  2 quokkas (D:3)
  5 ball pythons
  3 frilled lizards (D:2)
  6 kobolds
  7 rats
74 creatures vanquished.

Notes
Turn   | Place    | Note
-------+----------+-------------------------------------------
     0 | D:1      | Dirian the Draconian Shapeshifter began the quest for the
                  | Orb.
     0 | D:1      | Reached XP level 1. HP: 16/16 MP: 1/1
   655 | D:1      | Reached XP level 2. HP: 22/23 MP: 2/2
   896 | D:2      | Found a faded altar of an unknown god.
  1314 | D:2      | Reached XP level 3. HP: 19/28 MP: 3/3
  1395 | D:2      | Reached XP level 4. HP: 35/35 MP: 4/4
  1718 | D:3      | Reached skill level 4 in Unarmed Combat
  1924 | D:3      | Found a shimmering altar of Xom.
  2000 | D:3      | Noticed an ogre
  2009 | D:3      | Killed an ogre
  2010 | D:3      | Reached XP level 5. HP: 40/40 MP: 5/5
  2018 | D:3      | Found a broken altar of Ashenzari.
  2205 | D:3      | Found an iron altar of Okawaru.
  2219 | D:3      | Reached XP level 6. HP: 42/47 MP: 6/6
  2343 | D:4      | Reached skill level 5 in Unarmed Combat
  2349 | D:4      | Noticed a +0 hand axe
  2349 | D:4      | Noticed a +0 hand axe
  2350 | D:4      | Found a hide-covered altar of Uskayaw.
  2464 | D:4      | Found a sparkling altar of Nemelex Xobeh.
  2814 | D:4      | Identified a scroll of acquirement
  2814 | D:4      | Acquired the +1 hat of Autumn {^Drain rF+++ MP+9}
  2852 | D:5      | Entered Level 5 of the Dungeon
  2977 | D:5      | Mangled by an ogre

Illustrated notes

Levels and vault maps discovered:
D:1:      dpeg_arrival_simpleton_b, layout_loops_corners
D:2:      layout_loops_ring, nicolae_ecumenical_pavilion, minmay_diced_spiral
D:3:      layout_rooms, okawaru_altar_gauntlet_db, evilmike_ruin_ashenzari,
          mainiacjoe_overflow_six_doors_small
D:4:      layout_basic, nemelex_altar_shiori, dancing_weapons_uskayaw
D:5:      layout_loops_corners, jmf_multi_god_temple,
          minmay_temple_entry_drinking_statues,
          mainiacjoe_sewer_entry_somewhere_in_here_2, serial_shops,
          nicolae_shop_real_fake_doors, uniq_sigmund

Skill      XL: |  1  2  3  4  5  6 |
---------------+-------------------+-----
Dodging        | 2 3 |  3.2
Shapeshifting  | 4 |  4.9
Unarmed Combat | 4 5 |  5.1
Fighting       | |  1.2

Action                     |  1- 3 |  4- 6 || total
---------------------------+-------+-------++-------
  Melee: Unarmed           |    76 |   118 ||   194
         Tailslap          |     5 |    14 ||    19
         Punch             |     3 |     2 ||     5
    Use: Scroll            |       |     9 ||     9
   Stab: Sleeping          |       |     2 ||     2
 Armour: Skin              |    27 |    26 ||    53
  Dodge: Dodged            |    43 |   107 ||   150
   Form: Beast             |     1 |     1 ||     2
                           |       |     1 ||     1

Table legend: (Time is in decaauts)
 A = Elapsed time spent in this place.
 B = Non-inter-level travel time spent in this place.
 C = Inter-level travel time spent in this place.
 D = Time resting spent in this place.
 E = Time spent auto-exploring this place.
 F = Levels seen in this place.
 G = Mean time per level.
                   A        B        C        D        E       F      G
               +--------+--------+--------+--------+--------+-----+--------+
         Total |   2962 |   2889 |     73 |      9 |   2313 |   5 |  592.4 |
       Dungeon |   2962 |   2889 |     73 |      9 |   2313 |   5 |  592.4 |
               +--------+--------+--------+--------+--------+-----+--------+

Top non-repeatable levels by time:
     D:1: 897 daAuts
     D:2: 761 daAuts
     D:3: 633 daAuts
     D:4: 547 daAuts
     D:5: 123 daAuts
